TOP OF THE 1ST |
Canton Indians batting - Pitching for London Majors : RHP Marcus Reiling
|
Pitching: RHP Marcus Reiling
|
|
Batting: LHB Shane Montalvo
|
0-0: Ball 1-0: Ball 2-0: Ball 3-0: Called Strike 3-1: Called Strike 3-2: DOUBLE (Line Drive, 78D, EV 106.9 MPH)
|
Batting: RHB John Bianconi
|
0-0: Ball Wild Pitch! Shane Montalvo to third 1-0: Ball 2-0: Ball 3-0: Base on Balls
|
Batting: LHB Dave Key
|
0-0: Foul Ball, location: 2F 0-1: SINGLE (Line Drive, 6D, EV 105.0 MPH) Shane Montalvo scores John Bianconi to second
|
Batting: RHB Eric Kuck
|
0-0: Ball 1-0: DOUBLE (Groundball, 5L, EV 104.4 MPH) John Bianconi scores Dave Key to third
|
Batting: RHB Ricky Butts
|
0-0: Called Strike 0-1: Ground out 6-3 (Groundball, 6, EV 83.8 MPH) Dave Key scores
|
Batting: RHB Jesus Montana
|
0-0: Ball 1-0: Called Strike 1-1: Ball 2-1: TRIPLE (Flyball, 9LD, EV 101.9 MPH) Eric Kuck scores
|
Batting: LHB Justin Eargle
|
0-0: Ball 1-0: Swinging Strike 1-1: Foul Ball, location: 2F 1-2: Ball 2-2: Ball 3-2: Base on Balls
|
Batting: RHB Ighlas Mwara
|
0-0: Ground out 5-3 (Groundball, 5S, EV 63.8 MPH) Jesus Montana scores Justin Eargle to second
|
Batting: SHB Javon Mitchell
|
0-0: Called Strike 0-1: Foul Ball, location: 2F 0-2: Foul Ball, location: 2F 0-2: Ball 1-2: Strikes out swinging
|
Top of the 1st over - 5 runs, 4 hits, 0 errors, 1 left on base; Canton 5 - London 0 |
BOTTOM OF THE 1ST |
London Majors batting - Pitching for Canton Indians : LHP Oscar Moreno
|
Pitching: LHP Oscar Moreno
|
|
Batting: RHB Bill Murray
|
0-0: Ball 1-0: Ball 2-0: Called Strike 2-1: Ball 3-1: SINGLE (Line Drive, 56D, EV 96.2 MPH)
|
Batting: RHB Mike Chamberlain
|
0-0: Ball 1-0: Ball 2-0: Foul Ball, location: 2F 2-1: Ball 3-1: Grounds into double play, 6-4-3 (Groundball, 6, EV 81.2 MPH)
|
Batting: RHB Stephen Casteel
|
0-0: Ball 1-0: Swinging Strike 1-1: Fly out, F4 (Popup, 34, EV 61.9 MPH)
|
Bottom of the 1st over - 0 runs, 1 hit, 0 errors, 0 left on base; Canton 5 - London 0 |
TOP OF THE 2ND |
Canton Indians batting - Pitching for London Majors : RHP Marcus Reiling
|
Batting: LHB Shane Montalvo
|
0-0: SINGLE (Line Drive, 9LM, EV 94.4 MPH)
|
Batting: RHB John Bianconi
|
0-0: Ball 1-0: Ball 2-0: Grounds out, U3 (Groundball, 3L, EV 100.0 MPH)
|
Batting: LHB Dave Key
|
0-0: Ball 1-0: Swinging Strike 1-1: Swinging Strike 1-2: SINGLE (Line Drive, 78S, EV 94.4 MPH) Shane Montalvo to third Runner from 3rd tries for Home, SAFE, throw by LF to home
|
Pitching: RHP Mitsuaki Okazaki
|
|
Batting: RHB Eric Kuck
|
0-0: Foul Ball, location: 2F 0-1: Foul Ball, location: 2F 0-2: Foul Ball, location: 2F 0-2: Grounds into double play, 5-4-3 (Groundball, 5, EV 105.0 MPH)
|
Top of the 2nd over - 1 run, 2 hits, 0 errors, 0 left on base; Canton 6 - London 0 |
BOTTOM OF THE 2ND |
London Majors batting - Pitching for Canton Indians : LHP Oscar Moreno
|
Batting: LHB Kurt Estep
|
0-0: Ball 1-0: Called Strike 1-1: Foul Ball, location: 2F 1-2: Ball 2-2: Ground out U3 (Groundball, 34S, EV 83.1 MPH)
|
Batting: RHB Shunsuke Shiba Inu
|
0-0: Swinging Strike 0-1: Called Strike 0-2: Strikes out swinging
|
Batting: LHB Eric Toney
|
0-0: Called Strike 0-1: Foul Ball, location: 2F 0-2: Ball 1-2: Foul Ball, location: 2F 1-2: Ball 2-2: Foul Ball, location: 2F 2-2: Fly out, F9 (Line Drive, 9S, EV 96.2 MPH)
|
Bottom of the 2nd over - 0 runs, 0 hits, 0 errors, 0 left on base; Canton 6 - London 0 |
TOP OF THE 3RD |
Canton Indians batting - Pitching for London Majors : RHP Mitsuaki Okazaki
|
Batting: RHB Ricky Butts
|
0-0: Foul Ball, location: 2F 0-1: Swinging Strike 0-2: Ball 1-2: Foul Ball, location: 2F 1-2: Foul Ball, location: 2F 1-2: Foul Ball, location: 2F 1-2: Ground out 5-3 (Groundball, 56S, EV 87.5 MPH)
|
Batting: RHB Jesus Montana
|
0-0: Ball 1-0: Ball 2-0: Ball 3-0: Called Strike 3-1: Foul Ball, location: 2F 3-2: SINGLE (Line Drive, 9LM, EV 109.4 MPH)
|
Batting: LHB Justin Eargle
|
0-0: Ball 1-0: Called Strike 1-1: Foul Ball, location: 2F 1-2: Grounds into double play, 6-4-3 (Groundball, 6, EV 108.1 MPH)
|
Top of the 3rd over - 0 runs, 1 hit, 0 errors, 0 left on base; Canton 6 - London 0 |
BOTTOM OF THE 3RD |
London Majors batting - Pitching for Canton Indians : LHP Oscar Moreno
|
Batting: RHB Pete Duncan
|
0-0: Called Strike 0-1: Ball 1-1: Foul Ball, location: 2F 1-2: TRIPLE (Line Drive, 89XD, EV 100.6 MPH)
|
Batting: SHB Dominik Hasek II
|
0-0: Swinging Strike 0-1: Called Strike 0-2: Strikes out looking
|
Batting: RHB Mikey Sano
|
0-0: Foul Ball, location: 2F 0-1: Called Strike 0-2: Ball 1-2: Ball 2-2: Strikes out swinging
|
Batting: RHB Bill Murray
|
0-0: Ball 1-0: Swinging Strike 1-1: Ground out 5-3 (Groundball, 56D, EV 88.8 MPH)
|
Bottom of the 3rd over - 0 runs, 1 hit, 0 errors, 1 left on base; Canton 6 - London 0 |
TOP OF THE 4TH |
Canton Indians batting - Pitching for London Majors : RHP Mitsuaki Okazaki
|
Batting: RHB Ighlas Mwara
|
0-0: Fly out, F2 (Popup, 23F, EV 86.9 MPH)
|
Batting: SHB Javon Mitchell
|
0-0: Called Strike 0-1: Ball 1-1: Foul Ball, location: 2F 1-2: Strikes out swinging
|
Batting: LHB Shane Montalvo
|
0-0: Swinging Strike 0-1: Ball 1-1: Ball 2-1: Foul Ball, location: 2F 2-2: Ground out 1-3 (Groundball, 13, EV 62.5 MPH)
|
Top of the 4th over - 0 runs, 0 hits, 0 errors, 0 left on base; Canton 6 - London 0 |
BOTTOM OF THE 4TH |
London Majors batting - Pitching for Canton Indians : LHP Oscar Moreno
|
Batting: RHB Mike Chamberlain
|
0-0: Ball 1-0: Foul Ball, location: 2F 1-1: Foul Ball, location: 2F 1-2: Strikes out swinging
|
Batting: RHB Stephen Casteel
|
0-0: Ball 1-0: Ball 2-0: Ball 3-0: Base on Balls
|
Batting: LHB Kurt Estep
|
0-0: Called Strike Stephen Casteel steals 2nd base (no throw) 0-1: Fly out, F8 (Flyball, 89M, EV 87.5 MPH)
|
Batting: RHB Shunsuke Shiba Inu
|
0-0: Called Strike 0-1: Swinging Strike 0-2: Foul Ball, location: 2F 0-2: Fly out, F5 (Popup, 5, EV 68.1 MPH)
|
Bottom of the 4th over - 0 runs, 0 hits, 0 errors, 1 left on base; Canton 6 - London 0 |
TOP OF THE 5TH |
Canton Indians batting - Pitching for London Majors : RHP Mitsuaki Okazaki
|
Batting: RHB John Bianconi
|
0-0: Fly out, F7 (Line Drive, 7, EV 89.4 MPH)
|
Batting: LHB Dave Key
|
0-0: Called Strike 0-1: Ball 1-1: Foul Ball, location: 2F 1-2: Ground out 4-3 (Groundball, 4, EV 90.6 MPH)
|
Batting: RHB Eric Kuck
|
0-0: Ball 1-0: Ball 2-0: Ball 3-0: Base on Balls
|
Batting: RHB Ricky Butts
|
0-0: Ground out U3 (Groundball, 34, EV 91.2 MPH)
|
Top of the 5th over - 0 runs, 0 hits, 0 errors, 1 left on base; Canton 6 - London 0 |
BOTTOM OF THE 5TH |
London Majors batting - Pitching for Canton Indians : LHP Oscar Moreno
|
Batting: LHB Eric Toney
|
0-0: Swinging Strike 0-1: Foul Ball, location: 2F 0-2: Foul Ball, location: 2F 0-2: Strikes out swinging
|
Batting: RHB Pete Duncan
|
0-0: Ball 1-0: Ball 2-0: Called Strike 2-1: Fly out, F7 (Line Drive, 7D, EV 98.8 MPH)
|
Batting: SHB Dominik Hasek II
|
0-0: Ball 1-0: Called Strike 1-1: Swinging Strike 1-2: Ball 2-2: Ground out 4-3 (Groundball, 4S, EV 71.2 MPH)
|
Bottom of the 5th over - 0 runs, 0 hits, 0 errors, 0 left on base; Canton 6 - London 0 |
TOP OF THE 6TH |
Canton Indians batting - Pitching for London Majors : RHP Mitsuaki Okazaki
|
Batting: RHB Jesus Montana
|
0-0: Fly out, F9 (Line Drive, 9, EV 96.9 MPH)
|
Batting: LHB Justin Eargle
|
0-0: Ball 1-0: Ball 2-0: Ball 3-0: Base on Balls
|
Batting: RHB Ighlas Mwara
|
0-0: Called Strike 0-1: Called Strike 0-2: Fielders Choice at 2nd, 6-4 (Groundball, 56, EV 86.9 MPH)
|
Batting: SHB Javon Mitchell
|
0-0: Swinging Strike 0-1: Ball 1-1: DOUBLE (Line Drive, 7LD, EV 100.6 MPH) Ighlas Mwara to third Runner from 3rd tries for Home, SAFE, no throw by LF
|
Batting: LHB Shane Montalvo
|
0-0: Ball 1-0: SINGLE (Groundball, 4S, EV 69.4 MPH) (infield hit) Javon Mitchell to third
|
Batting: RHB John Bianconi
|
0-0: Ball 1-0: Called Strike 1-1: TRIPLE (Line Drive, 78XD, EV 101.2 MPH) Javon Mitchell scores Shane Montalvo scores
|
Batting: LHB Dave Key
|
0-0: Fly out, F8 (Line Drive, 8LM, EV 101.2 MPH)
|
Top of the 6th over - 3 runs, 3 hits, 0 errors, 1 left on base; Canton 9 - London 0 |
BOTTOM OF THE 6TH |
London Majors batting - Pitching for Canton Indians : LHP Oscar Moreno
|
Batting: RHB Mikey Sano
|
0-0: Called Strike 0-1: Fly out, F9 (Flyball, 89S, EV 95.0 MPH)
|
Batting: RHB Bill Murray
|
0-0: Ball 1-0: Called Strike 1-1: Foul Ball, location: 2F 1-2: Foul Ball, location: 2F 1-2: Ball 2-2: Foul Ball, location: 2F 2-2: Foul Ball, location: 2F 2-2: Ground out 5-3 (Groundball, 5L, EV 81.2 MPH)
|
Batting: RHB Mike Chamberlain
|
0-0: Ball 1-0: Ball 2-0: Foul Ball, location: 2F 2-1: Swinging Strike 2-2: Ground out 4-3 (Groundball, 4, EV 108.8 MPH)
|
Bottom of the 6th over - 0 runs, 0 hits, 0 errors, 0 left on base; Canton 9 - London 0 |
TOP OF THE 7TH |
Canton Indians batting - Pitching for London Majors : RHP Mitsuaki Okazaki
|
Batting: RHB Eric Kuck
|
0-0: Ball 1-0: Called Strike 1-1: Ball 2-1: SINGLE (Groundball, 4MD, EV 102.5 MPH)
|
Pitching: LHP Bryan Reynolds
|
|
Batting: RHB Ricky Butts
|
0-0: Ball 1-0: Foul Ball, location: 2F 1-1: Swinging Strike 1-2: Grounds into double play, 6-4-3 (Groundball, 6, EV 104.4 MPH)
|
Batting: RHB Jesus Montana
|
0-0: Ball 1-0: Foul Ball, location: 2F 1-1: Ball 2-1: Foul Ball, location: 2F 2-2: Strikes out swinging
|
Top of the 7th over - 0 runs, 1 hit, 0 errors, 0 left on base; Canton 9 - London 0 |
BOTTOM OF THE 7TH |
London Majors batting - Pitching for Canton Indians : LHP Oscar Moreno
|
Pinch Hitting: RHB Chad Colyer
|
0-0: Fly out, F8 (Flyball, 8LXD, EV 108.8 MPH)
|
Pinch Hitting: SHB Kevin Watson
|
0-0: Ball 1-0: Fly out, F6 (Flyball, 56D, EV 92.5 MPH)
|
Batting: RHB Shunsuke Shiba Inu
|
0-0: Ball 1-0: SINGLE (Flyball, 78S, EV 87.5 MPH)
|
Batting: LHB Eric Toney
|
0-0: Called Strike 0-1: Foul Ball, location: 2F 0-2: Strikes out swinging
|
Bottom of the 7th over - 0 runs, 1 hit, 0 errors, 1 left on base; Canton 9 - London 0 |
TOP OF THE 8TH |
Canton Indians batting - Pitching for London Majors : LHP Bryan Reynolds
|
Now at SS: Kevin Watson
|
|
Now in RF: Zach Hillard
|
|
Batting: LHB Justin Eargle
|
0-0: Called Strike 0-1: Ball 1-1: Foul Ball, location: 2F 1-2: Foul Ball, location: 2F 1-2: Strikes out looking
|
Batting: RHB Ighlas Mwara
|
0-0: Ball 1-0: Ball 2-0: Ground out 4-3 (Groundball, 4, EV 103.1 MPH)
|
Batting: SHB Javon Mitchell
|
0-0: Swinging Strike 0-1: Swinging Strike 0-2: Foul Ball, location: 2F 0-2: Foul Ball, location: 2F 0-2: Ball 1-2: Ball 2-2: Ball 3-2: Strikes out looking
|
Top of the 8th over - 0 runs, 0 hits, 0 errors, 0 left on base; Canton 9 - London 0 |
BOTTOM OF THE 8TH |
London Majors batting - Pitching for Canton Indians : LHP Oscar Moreno
|
Batting: RHB Pete Duncan
|
0-0: Ball 1-0: Called Strike 1-1: Ball 2-1: Ball 3-1: SINGLE (Line Drive, 56, EV 97.5 MPH)
|
Batting: SHB Dominik Hasek II
|
0-0: Called Strike 0-1: Called Strike 0-2: Foul Ball, location: 2F 0-2: Ball 1-2: Foul Ball, location: 2F 1-2: Foul Ball, location: 2F 1-2: Foul Ball, location: 2F 1-2: Strikes out swinging
|
Batting: RHB Mikey Sano
|
0-0: Called Strike 0-1: Fly out, F7 (Line Drive, 7, EV 86.9 MPH)
|
Batting: RHB Bill Murray
|
0-0: Called Strike 0-1: Ball 1-1: SINGLE (Groundball, 56D, EV 95.6 MPH) Pete Duncan to second
|
Pinch Hitting: RHB Brandon Williams
|
0-0: Ball 1-0: Ball 2-0: Called Strike 2-1: Ball 3-1: Foul Ball, location: 2F 3-2: Base on Balls Pete Duncan to third Bill Murray to second
|
Pitching: RHP Gilbert Paparelli
|
|
Batting: SHB Zach Hillard
|
0-0: Ball 1-0: Called Strike 1-1: Foul Ball, location: 2F 1-2: Fly out, F8 (Flyball, 78XD, EV 105.0 MPH)
|
Bottom of the 8th over - 0 runs, 2 hits, 0 errors, 3 left on base; Canton 9 - London 0 |
TOP OF THE 9TH |
Canton Indians batting - Pitching for London Majors : LHP Bryan Reynolds
|
Pitching: RHP Oswaldo Vasquez
|
|
Now at 1B: John Rios
|
|
Batting: LHB Shane Montalvo
|
0-0: Ball 1-0: Called Strike 1-1: Ball 2-1: SINGLE (Line Drive, 34, EV 95.6 MPH)
|
Batting: RHB John Bianconi
|
0-0: Called Strike 0-1: Fielders Choice at 2nd, 4-6 (Groundball, 4S, EV 83.8 MPH)
|
Batting: LHB Dave Key
|
0-0: Ball 1-0: Grounds into double play, 6-4-3 (Groundball, 6S, EV 83.1 MPH)
|
Top of the 9th over - 0 runs, 1 hit, 0 errors, 0 left on base; Canton 9 - London 0 |
BOTTOM OF THE 9TH |
London Majors batting - Pitching for Canton Indians : RHP Gilbert Paparelli
|
Batting: SHB Kevin Watson
|
0-0: Called Strike 0-1: Swinging Strike 0-2: Strikes out looking
|
Batting: RHB Shunsuke Shiba Inu
|
0-0: Swinging Strike 0-1: Ball 1-1: Foul Ball, location: 2F 1-2: Foul Ball, location: 2F 1-2: Strikes out swinging, 2-3 out at first.
|
Batting: LHB Eric Toney
|
0-0: Ball 1-0: Ball 2-0: Ball 3-0: Called Strike 3-1: Swinging Strike 3-2: Strikes out looking
|
Bottom of the 9th over - 0 runs, 0 hits, 0 errors, 0 left on base; Canton 9 - London 0 |
|